 Dungeon Crawl Stone Soup version 0.27-a0-819-g058290f16d (webtiles) character file.

Game seed: 6510995214224575441

132 polve the Conjurer (level 4, -4/35 HPs)
             Began as a Demonspawn Abyssal Knight on Mar 29, 2021.
             Was a Believer of Lugonu.
             Slain by Natasha (9 damage)
             ... on level 4 of the Dungeon.
             The game lasted 00:05:12 (4096 turns).

polve the Conjurer (Demonspawn Abyssal Knight)      Turns: 4096, Time: 00:05:13

Health: -4/35      AC:  5    Str: 12    XL:     4   Next: 92%
Magic:  5/6        EV: 11    Int: 15    God:    Lugonu [**....]
Gold:   2          SH:  0    Dex: 12    Spells: 3/6 levels left

rFire    . . .     SeeInvis .   h - +0 long sword
rCold    + . .     Faith    .   (no shield)
rNeg     . . .     Spirit   .   b - +0 leather armour
rPois    .         Reflect  .   d - +0 helmet
rElec    .         Harm     .   (no cloak)
rCorr    .         Rampage  .   (no gloves)
Will     .....                  p - +0 pair of boots
Stlth    +.........             (no amulet)
HPRegen  0.11/turn              e - ring of protection from cold
MPRegen  0.20/turn              (no ring)

@: slowed, very slow
A: powered by death 1, magic regeneration
a: Renounce Religion, Depart the Abyss, Bend Space


You were on level 4 of the Dungeon.
You worshipped Lugonu.
Lugonu was pleased with you.
You visited 1 branch of the dungeon, and saw 4 of its levels.
You visited the Abyss 1 time.

You collected 72 gold pieces.
You spent 70 gold pieces at shops.

Inventory:

Hand Weapons
 h - a +0 long sword (weapon)
 r - a +0 eveningstar
Armour
 b - a +0 leather armour (worn)
 d - a +0 helmet (worn)
 p - a +0 pair of boots (worn)
Magical Staves
 n - a staff of death
Jewellery
 a - a ring of ice
 e - a ring of protection from cold (left hand)
Wands
 q - a wand of charming (6)
Scrolls
 c - a scroll of acquirement {unknown}
 f - a scroll of amnesia {unknown}
 i - a scroll of holy word {unknown}
 j - 4 scrolls of identify {unknown}
 k - 2 scrolls of teleportation {unknown}
 l - a scroll of enchant armour {unknown}
 o - a scroll of noise {unknown}
 u - a scroll of magic mapping {unknown}
 v - a scroll of brand weapon {unknown}
Potions
 g - 2 potions of cancellation {unknown}
 m - 2 potions of mutation {unknown}
 s - 2 potions of heal wounds
 t - a potion of flight {unknown}


   Skills:
 - Level 3.0 Fighting
 - Level 2.5 Long Blades
 - Level 1.7 Armour
 - Level 0.8 Dodging
 + Level 1.8 Spellcasting
 * Level 3.3 Conjurations
 - Level 2.4 Invocations


You had 3 spell levels left.
You knew the following spells:

 Your Spells              Type           Power      Damage    Failure   Level
a - Magic Dart            Conj           44%        1d5       8%          1
b - Call Imp              Summ           1%         N/A       41%         2

Your spell library contained the following spells:

 Spells                   Type           Power      Damage    Failure   Level
 Animate Skeleton         Necr           2%         N/A       28%         1
 Apportation              Tloc           2%         N/A       28%         1
 Beastly Appendage        Tmut           2%         N/A       28%         1
 Corona                   Hex            1%         N/A       28%         1
 Summon Small Mammal      Summ           4%         N/A       28%         1
 Blink                    Tloc           N/A        N/A       41%         2
 Slow                     Hex            1%         N/A       41%         2
 Wereblood                Tmut           1%         N/A       41%         2
 Conjure Flame            Conj/Fire      6%         6-21      41%         3
 Mephitic Cloud           Conj/Pois/Air  4%         N/A       47%         3
 Spider Form              Tmut/Pois      0%         N/A       65%         3
 Ice Form                 Ice/Tmut       1%         N/A       96%         4
 Blade Hands              Tmut           0%         N/A       100%        5


Dungeon Overview and Level Annotations

Branches:
Dungeon (4/15)
 Temple: D:4-7

Altars:
Ashenzari
Fedhas
Hepliaklqana
Makhleb
Trog
Zin
The Shining One

Shops:
D:1 *   D:3 :[![

Annotations:
D:3 2 transporters, HoaS's ghost, novice DjIE
D:4 Natasha


Innate Abilities, Weirdness & Mutations

You regenerate a little health from kills.
You regenerate magic rapidly.


Message History

The magic dart hits you.
Found a club.
The magic dart hits Natasha.
Natasha is lightly wounded.
Natasha stares at you and mumbles some strange words.
You feel yourself slow down.
The magic dart hits Natasha but does no damage.
Natasha is lightly wounded.
Natasha drinks a potion.
Natasha seems to speed up.
The magic dart hits Natasha.
Natasha is moderately wounded.
You can't see any susceptible monsters within range! (Use Z to cast anyway.)
You can't see any susceptible monsters within range! (Use Z to cast anyway.)
You can't see any susceptible monsters within range! (Use Z to cast anyway.)
You can't see any susceptible monsters within range! (Use Z to cast anyway.) Natasha is nearby!
You miss Natasha.
Natasha is moderately wounded.
Natasha claws you. Natasha completely misses you.
You riposte.
You hit Natasha.
Natasha is moderately wounded.
Natasha stares at you and mumbles some strange words.
You resist with some effort.
You barely miss Natasha.
Natasha is moderately wounded.
Natasha claws you.
Natasha stares at you and mumbles some strange words.
You feel as though you will be slow longer.
Natasha barely misses you.
You hit Natasha but do no damage.
Natasha is moderately wounded.
Natasha misses you.
You riposte.
You hit Natasha.
Natasha is moderately wounded.
Natasha claws you but does no damage. Natasha claws you.
You hit Natasha.
Natasha is heavily wounded.
Natasha claws you. Natasha claws you!
* * * LOW HITPOINT WARNING * * *
Natasha mewls in sadness.
Natasha claws you!
You die...

..##..##'##....#
..##.##._.##...##
......#####...).##
...#.............#
...#.##.##.#.###.#
.###.# ......# #.#
.. ..# #####.# #.#
###### #.# #.# #.
#@# #.h......
.........
###....... ##..)##
...# .## .#


You could see Natasha (fast).

Vanquished Creatures
  A bullfrog skeleton (D:4)
  3 adders
  3 worms
  2 dart slugs
  4 bats
  11 endoplasms
  4 giant cockroaches
  6 goblins
  4 hobgoblins
  6 jackals (D:1)
  A quokka (D:1)
  4 ball pythons
  3 frilled lizards (D:3)
  3 kobolds
  2 rats (D:2)
57 creatures vanquished.

Vanquished Creatures (others)
  6 plants (D:2)
6 creatures vanquished.

Grand Total: 63 creatures vanquished

Notes
Turn   | Place    | Note
-------+----------+-------------------------------------------
     0 | Abyss:1  | polve the Demonspawn Abyssal Knight began the quest for the
                  | Orb.
     0 | Abyss:1  | Reached XP level 1. HP: 18/18 MP: 2/2
    52 | Abyss:1  | Noticed an efreet
    53 | D:1      | Escaped the Abyss
   170 | D:1      | Reached * piety under Lugonu
   514 | D:1      | Gained mutation: You regenerate magic rapidly. [demonic
                  | ancestry]
   514 | D:1      | Reached XP level 2. HP: 13/24 MP: 3/3
   655 | D:1      | Found Binetruw's General Store.
   680 | D:1      | Learned a level 1 spell: Magic Dart
  1028 | D:1      | Reached skill level 1 in Conjurations
  1148 | D:1      | Reached XP level 3. HP: 29/29 MP: 4/4
  1474 | D:2      | Found a faded altar of an unknown god.
  1844 | D:2      | Found a blossoming altar of Fedhas.
  1876 | D:2      | Reached skill level 1 in Spellcasting
  2159 | D:2      | Learned a level 2 spell: Call Imp
  2633 | D:2      | Gained mutation: You regenerate a little health from kills.
                  | [demonic ancestry]
  2633 | D:2      | Reached XP level 4. HP: 30/35 MP: 1/5
  3022 | D:3      | Found a bloodstained altar of Trog.
  3055 | D:3      | Found a hazy altar of Hepliaklqana.
  3061 | D:3      | Found a transporter.
  3086 | D:3      | Reached ** piety under Lugonu
  3145 | D:3      | Found Mel Jil's Book Shop.
  3194 | D:3      | Found Taplente's Distillery.
  3197 | D:3      | Bought a potion of heal wounds for 70 gold pieces
  3225 | D:3      | Noticed HoaS's ghost (novice DjIE)
  3308 | D:3      | Found a broken altar of Ashenzari.
  3445 | D:3      | Found Enytz's Armour Emporium.
  3536 | D:3      | Found a transporter.
  3572 | D:3      | Found Estrifirr's Armour Shop.
  3818 | D:3      | Found a burning altar of Makhleb.
  4088 | D:4      | Noticed Natasha
  4096 | D:4      | Slain by Natasha

Illustrated notes

Levels and vault maps discovered:
D:1:      roderic_crossed_star, layout_loops_cross, serial_shops, shop,
          amethyst_killhole
D:2:      layout_rooms, nicolae_overflow_crystal_walls,
          chequers_ecumenical_altar_simple, kennysheep_crisscross,
          serial_bayou_pond_c
D:3:      layout_basic, overflow_temple_1_default,
          nicolae_hepliaklqana_hazy_memory, evilmike_ruin_ashenzari,
          overflow_temple_1_default, serial_shops, shop, shop,
          nicolae_shop_behind_doors, shop, gammafunk_ghost_stat_death
D:4:      kennysheep_goblin_castle, layout_loops_ring, zin_statuary,
          tso_metal_star, uniq_natasha, uniq_menkaure

Skill      XL: |  1  2  3  4 |
---------------+-------------+-----
Long Blades    | 2 |  2.5
Conjurations   | 1 2 3 |  3.3
Spellcasting   | 1 |  1.8
Fighting       | |  3.0
Armour         | |  1.7
Dodging        | |  0.8
Invocations    | |  2.4

Action                   |  1- 3 |  4- 6 || total
-------------------------+-------+-------++-------
Melee: Falchion          |    27 |       ||    27
       Long sword        |    81 |    42 ||   123
       Dagger            |     3 |       ||     3
 Cast: Magic Dart        |    22 |    21 ||    43
Invok: Depart the Abyss  |     1 |       ||     1
 Stab: Sleeping          |       |     1 ||     1
Armor: Leather armour    |    25 |    17 ||    42
Dodge: Dodged            |    68 |    33 ||   101
       Rpst.: Falchion   |     3 |       ||     3
       Long sword        |    16 |    14 ||    30

Table legend: (Time is in decaauts)
 A = Elapsed time spent in this place.
 B = Non-inter-level travel time spent in this place.
 C = Inter-level travel time spent in this place.
 D = Time resting spent in this place.
 E = Time spent auto-exploring this place.
 F = Levels seen in this place.
 G = Mean time per level.
                   A        B        C        D        E       F      G
               +--------+--------+--------+--------+--------+-----+--------+
         Total |   4153 |   4026 |    127 |      0 |   3502 |   5 |  830.6 |
       Dungeon |   4100 |   3973 |    127 |      0 |   3452 |   4 | 1025.0 |
         Abyss |     53 |     53 |      0 |      0 |     50 |   1 |   53.0 |
               +--------+--------+--------+--------+--------+-----+--------+

Top non-repeatable levels by time:
     D:1: 1707 daAuts
     D:2: 1275 daAuts
     D:3: 861 daAuts
     D:4: 256 daAuts
 Abyss:1: 53 daAuts
